 Dungeon Crawl Stone Soup version 0.22-a0-224-g8cf3520 (webtiles) character file.

3089 Gorglomux the Protected (level 9, -2/121 HPs)
             Began as a Minotaur Summoner on Feb 19, 2018.
             Was a Believer of Okawaru.
             Slain by an orc warrior
             ... wielding a +0 spear
              (13 damage)
             ... in a bailey on Feb 20, 2018.
             The game lasted 00:15:11 (9153 turns).

Gorglomux the Protected (Minotaur Summoner)         Turns: 9153, Time: 00:15:12

Health: -2/121     AC: 13    Str: 22    XL:     9   Next: 59%
Magic:  9/10       EV: 13    Int: 12    God:    Okawaru [**....]
Gold:   426        SH:  0    Dex: 10    Spells: 10/10 levels left

rFire    . . .     SeeInvis .   Q - +0 war axe
rCold    + . .     Gourm    .   (no shield)
rNeg     . . .     Faith    .   q - +1 scale mail {rC+}
rPois    +         Spirit   .   (helmet restricted)
rElec    .         Reflect  .   (no cloak)
rCorr    .         Harm     .   W - +2 pair of gloves
MR       +....                  L - +0 pair of boots (curse)
Stlth    ..........             N - amulet of the acrobat
HPRegen  0.30/turn              m - ring of protection from magic
MPRegen  0.12/turn              o - ring of poison resistance

@: berserking, very quick
A: retaliatory headbutt, horns 2
a: Heroism, Renounce Religion


You were in a bailey.
You worshipped Okawaru.
Okawaru was pleased with you.
You were not hungry.

You visited 2 branches of the dungeon, and saw 9 of its levels.
You also visited: Bailey.

You collected 426 gold pieces.

Inventory:

Hand Weapons
 n - a +0 dagger
 v - a +3 spear of piercing
 Q - a +0 war axe (weapon)
Armour
 q - a +1 scale mail of cold resistance (worn)
 L - a cursed +0 pair of boots (worn)
 W - a +2 pair of gloves (worn)
Jewellery
 c - an uncursed ring of protection from cold
 m - a ring of protection from magic (left hand)
 o - a ring of poison resistance (right hand)
 s - an uncursed ring of see invisible
 I - an uncursed ring of wizardry {unknown}
 N - an amulet of the acrobat (around neck)
Wands
 O - a wand of clouds (5)
Scrolls
 e - 3 scrolls of amnesia
 f - a scroll of fog {unknown}
 g - 2 scrolls of remove curse
 x - 2 scrolls of noise {unknown}
 y - a scroll of enchant weapon {unknown}
 B - a scroll of blinking
 K - 3 scrolls of fear {unknown}
 S - 4 scrolls of random uselessness {unknown}
 T - 3 scrolls of teleportation
 V - 3 scrolls of enchant armour
Potions
 r - 3 potions of mutation {!q}
 t - a potion of curing
 J - a potion of lignification {unknown}
 M - 2 potions of degeneration {unknown}
 R - a potion of flight {unknown}
 U - a potion of brilliance {unknown}
 Y - 2 potions of ambrosia {unknown}
 Z - a potion of haste {unknown}
Comestibles
 b - 17 rations
 X - 10 chunks of flesh


   Skills:
 + Level 8.1 Fighting
 + Level 7.3 Axes
 + Level 8.1 Armour
 + Level 7.9 Dodging
 - Level 1.5 Stealth
 - Level 1.3 Spellcasting
   Level 2.9 Summonings


You had 10 spell levels left.
You didn't know any spells.

Dungeon Overview and Level Annotations

Branches:
Dungeon (8/15)             Temple (1/1) D:5
   Lair: D:8-11

Altars:
Ashenzari
Cheibriados
Dithmenos
Elyvilon
Fedhas
Gozag
Hepliaklqana
Kikubaaqudgha
Makhleb
Nemelex Xobeh
Okawaru
Qazlal
Ru
Sif Muna
Trog
Uskayaw
Vehumet
Wu Jian
Xom
Yredelemnul
Zin
The Shining One


Innate Abilities, Weirdness & Mutations

You reflexively headbutt those who attack you in melee.
You have a pair of horns on your head.


Message History

Butt hits the orc warrior!
The butt warrior hits you with a spear!!! * * * don't die
* * * Butt closely miss the orc warrior!
Your headbutt misses the orc warrior!
The orc warrior is moderately wounded!
You catch the helpless orc completely off-guard!!!
You chop the orc into pieces!!!
Butt annihilate the orc!!!
Okawaru roars: ANNIHILATED!
The orc warrior is engulfed in noxious fumes!
The butt butt appears confused!
The orc warrior closely misses you! You furiously retaliate!!!
You headbutt the orc warrior, but do no damage!
You cut the orc warrior into ribbons!!!
The orc warrior is severely butt!
An orc appears from thin air!!!
Reactivating autopickup!
The orc is engulfed in noxious fumes!
The orc appears confused!
The orc warrior hits you with a spear!!! rip

############ #
##.....)..∩.##
######......§§....#
#....#......§§§...#
'....'......§o§o)∩#
#....#......§§§§@.#
######.......o§§).#
# ##........∩.##
############


You could see 2 orc warriors and an orc (confused).

Vanquished Creatures
  A yak (D:8)
  A hungry ghost (D:7)
  Duvessa (D:6)
  4 orc warriors
  2 ice beasts
  2 ogres
  A phantom (D:7)
  4 centaurs
  A big kobold (D:7)
  4 bullfrogs
  Dowan (D:6)
  A scorpion (D:7)
  An electric eel (D:8)
  A howler monkey (D:7)
  A jelly (D:5)
  A bullfrog zombie (D:6)
  5 hounds
  2 orc wizards
  5 orc priests
  3 bullfrog skeletons
  3 iguanas
  5 worker ants
  A hound skeleton (D:7)
  Robin (D:2)
  An adder (D:5)
  7 gnolls
  A howler monkey skeleton (D:7)
  2 white imps (D:8)
  An ooze (D:5)
  2 adder zombies
  2 adder skeletons
  4 dart slugs
  2 leopard geckos (D:2)
  58 orcs
  3 ball pythons
  6 giant cockroaches
  19 goblins
  10 hobgoblins
  15 jackals
  3 quokkas (D:3)
  8 bats
  4 frilled lizards
  11 kobolds
  A leopard gecko zombie (D:5)
  A quokka zombie (D:5)
  9 rats
  5 rat zombies (D:6)
227 creatures vanquished.

Vanquished Creatures (collateral kills)
  A hobgoblin (D:1)
  A jackal (D:1)
2 creatures vanquished.

Grand Total: 229 creatures vanquished

Notes
Turn   | Place    | Note
-------+----------+-------------------------------------------
     0 | D:1      | Gorglomux the Minotaur Summoner began the quest for the Orb.
     0 | D:1      | Reached XP level 1. HP: 14/14 MP: 1/1
   573 | D:1      | Reached skill level 1 in Fighting
   573 | D:1      | Reached skill level 1 in Armour
   587 | D:1      | Reached XP level 2. HP: 22/23 MP: 3/3
  2056 | D:2      | Reached XP level 3. HP: 26/28 MP: 4/4
  2127 | D:2      | Reached skill level 3 in Dodging
  2217 | D:2      | Noticed Robin
  3809 | D:2      | Killed Robin
  3809 | D:2      | Reached XP level 4. HP: 24/37 MP: 5/5
  4005 | D:2      | Found a shadowy altar of Dithmenos.
  4005 | D:2      | Found an ornate altar of the Wu Jian Council.
  4010 | D:2      | Found a shattered altar of Ashenzari.
  4012 | D:2      | Found a faded altar of an unknown god.
  4017 | D:2      | Found a faded altar of an unknown god.
  4154 | D:2      | Found a shimmering altar of Xom.
  4343 | D:3      | Reached skill level 3 in Armour
  4387 | D:3      | Reached skill level 3 in Fighting
  4387 | D:3      | Reached XP level 5. HP: 45/45 MP: 6/6
  4993 | D:3      | Found a stormy altar of Qazlal.
  4994 | D:3      | Found a shimmering altar of Xom.
  5069 | D:4      | Reached skill level 1 in Axes
  5121 | D:4      | Reached XP level 6. HP: 52/52 MP: 7/7
  5881 | D:5      | Entered Level 5 of the Dungeon
  5939 | D:5      | Reached XP level 7. HP: 54/60 MP: 8/8
  6039 | D:5      | Found a staircase to the Ecumenical Temple.
  6050 | Temple   | Entered the Ecumenical Temple
  6163 | Temple   | Became a worshipper of Warmaster Okawaru
  6204 | D:5      | Reached skill level 3 in Axes
  6626 | D:6      | Noticed Duvessa
  6626 | D:6      | Noticed Dowan
  6647 | D:6      | Killed Duvessa
  6870 | D:6      | Killed Dowan
  6895 | D:6      | Reached * piety under Okawaru
  7142 | D:6      | Reached XP level 8. HP: 70/70 MP: 9/9
  7177 | D:6      | Reached skill level 6 in Dodging
  7272 | D:6      | Found an ancient bone altar of Kikubaaqudgha.
  7331 | D:6      | Reached skill level 6 in Armour
  7333 | D:6      | Reached skill level 6 in Fighting
  7665 | D:6      | Reached ** piety under Okawaru
  8004 | D:7      | Reached skill level 6 in Axes
  8158 | D:7      | Reached XP level 9. HP: 69/79 MP: 10/10
  8822 | D:8      | Found a flagged portal.
  8838 | Bailey   | Entered a bailey
  9153 | Bailey   | Slain by an orc warrior

Vault maps used:
D:1:      dpeg_arrival_orchard
D:2:      chequers_temple_overflow_minitemple, tgw_xom, uniq_robin
D:3:      gammafunk_temple_overflow_statue, first_ration
D:5:      cheibrodos_helix_gallery, minmay_temple_entry_hall,
          uniq_crazy_yiuf_cottage
D:6:      lemuel_zombie_altar_kikubaaqudgha, kennysheep_doodads, uniq_duvessa
D:8:      serial_ice, serial_ice_c, serial_ice_i, serial_ice_g, serial_ice_e,
          serial_ice_o, serial_ice_a, serial_ice_f, enter_bailey_3
Temple:   eino_temple_scatter_basement
Bailey:   bailey_polearm_5, bailey

Skill      XL: |  1  2  3  4  5  6  7  8  9 |
---------------+----------------------------+-----
Fighting       | 1 2 3 4 5 7 8 |  8.1
Armour         | 1 2 3 4 5 7 8 |  8.1
Dodging        | 3 4 5 7 |  7.9
Axes           | 1 2 4 6 7 |  7.3
Stealth        | |  1.5
Spellcasting   | |  1.3
Summonings     | |  2.9

Action                   |  1- 3 |  4- 6 |  7- 9 || total
-------------------------+-------+-------+-------++-------
Melee: Unarmed           |   111 |       |       ||   111
       Headbutt          |    35 |    19 |    57 ||   111
       Dagger            |   136 |       |       ||   136
       Spear             |       |   157 |   344 ||   501
       Punch             |       |       |     1 ||     1
       War axe           |       |       |    37 ||    37
 Cast: Summon Small Mamm |    20 |       |       ||    20
Invok: Heroism           |       |       |     9 ||     9
Evoke: Wand              |       |       |     2 ||     2
  Use: Scroll            |     2 |     5 |     4 ||    11
       Potion            |       |       |     1 ||     1
 Stab: Sleeping          |     2 |       |       ||     2
       Invisible         |       |     1 |       ||     1
       Confused          |       |       |     1 ||     1
  Eat: Chunk             |     8 |     8 |    15 ||    31
Armor: Robe              |    26 |       |       ||    26
       Scale mail        |    51 |    45 |   110 ||   206
Dodge: Dodged            |   150 |    77 |   302 ||   529

Table legend:
 A = Spawn XP
 B = Non-spawn XP
 C = Spawn XP percentage of total XP
 D = Spawn monster count
 E = Non-spawn monster count
 F = Spawn count percentage of total count
 G = Total turns spent on level
                    A         B        C        D         E        F      G
               +---------+---------+-------+---------+---------+-------+---------
         Total |       0 |    4414 |   0.0 |       0 |     229 |   0.0 |  9153
               +---------+---------+-------+---------+---------+-------+---------
           D:1 |       0 |      50 |   0.0 |       0 |      30 |   0.0 |  3270
           D:2 |       0 |     106 |   0.0 |       0 |      28 |   0.0 |   940
           D:3 |       0 |     109 |   0.0 |       0 |      33 |   0.0 |   854
           D:4 |       0 |     339 |   0.0 |       0 |      20 |   0.0 |   817
           D:5 |       0 |     432 |   0.0 |       0 |      18 |   0.0 |   826
           D:6 |       0 |    1221 |   0.0 |       0 |      32 |   0.0 |   946
           D:7 |       0 |    1215 |   0.0 |       0 |      29 |   0.0 |   815
           D:8 |       0 |     462 |   0.0 |       0 |      10 |   0.0 |   246
        Bailey |       0 |     480 |   0.0 |       0 |      29 |   0.0 |   315
               +---------+---------+-------+---------+---------+-------+---------
